 Dungeon Sprint DCSS version 0.16-a0-4004-g8d6611c (webtiles) character file.

800000 PolkaDot the Black Belt (level 11, -22/98 HPs)
             Began as a Demonspawn Monk on Feb 15, 2015.
             Was a Believer of Makhleb.
             Annihilated by a meat berserker
             ... wielding a +9 battleaxe
              (68 damage)
             ... in the Dungeon (Sprint VIII: "Arena of Blood").
             The game lasted 00:00:30 (8 turns).

PolkaDot the Black Belt (Demonspawn Monk)              Turns: 8, Time: 00:00:30

Health: -22/98     AC:  4    Str: 11    XL:     11   Next: 37%
Magic:  11/11      EV: 22    Int: 12    God:    Makhleb [**....]
Gold:   0          SH:  0    Dex: 19    Spells: 0 memorised, 10 levels left

rFire  . . .     SeeInvis .     i - +∞ Axe of Woe
rCold  . . .     Clarity  .     a - +0 robe
rNeg   . . .     SustAb   .     (no shield)
rPois  .         Gourm    .     (helmet restricted)
rElec  .         Spirit   .     (no cloak)
rCorr  .         Warding  .     (no gloves)
rMut   .         NoTele   +     (no boots)
MR     .....                    (no amulet)
Stlth  +++.......               (no ring)
                                (no ring)

@: not resistant to hostile enchantments, fairly stealthy
A: antennae 1, slimy green scales 1, powered by death 3, rot immunity
a: Minor Destruction, Renounce Religion


You were in the Dungeon.
You worshipped Makhleb.
Makhleb was pleased with you.
You were not hungry.

You visited 1 branch

Inventory:

Hand weapons
 i - the +∞ Axe of Woe (weapon)
   (You found it in the Dungeon)
Armour
 a - a +0 robe (worn)
Scrolls
 h - a scroll of blinking
Potions
 c - a potion of curing
 d - a potion of heal wounds
 e - a potion of haste
 f - 2 potions of magic
 g - a potion of berserk rage
Comestibles
 b - a bread ration


   Skills:
 + Level 13.2 Fighting
 + Level 12.2 Dodging
 + Level 5.2 Stealth
 + Level 18.4 Unarmed Combat


You had 10 spell levels left.
You didn't know any spells.

Dungeon Overview and Level Annotations

Branches:
Dungeon (1/1)

Altars:
Makhleb


Innate Abilities, Weirdness & Mutations

You have a pair of small antennae on your head.
You are partially covered in slimy green scales (AC +2).
You can steal the life force of all defeated enemies in sight.
You are immune to rotting.


Message History

You have reached level 6!
Your experience leads to an increase in your attributes!
Increase (S)trength, (I)ntelligence, or (D)exterity?
You feel agile.
You have reached level 7!
Your demonic ancestry asserts itself...
You feel immune to rotting.
You have reached level 8!
You feel clever.
You have reached level 9!
Your experience leads to an increase in your attributes!
Increase (S)trength, (I)ntelligence, or (D)exterity?
You feel agile.
Your demonic ancestry asserts itself...
The wave of death grows in power.
You have reached level 10!
You have reached level 11!
You hear a shout! x14
The meat berserker hits you with a +9 battleaxe!!!
Ouch! That really hurt!
You die...

... ....... .......
........ .......o.
#.......# .
#.......# ...
.###......)###.....
......###.@O.......
......_...........
..#.....#.......#
#_.<._#.......
#.....#......#
......_..........
......###........
.###.. ...###.. #..
...# .


You could see a meat berserker (berserk) and a bag of meat.

Vanquished Creatures
  An ogre (D)
1 creature vanquished.

Notes
Turn   | Place    | Note
--------------------------------------------------------------
     0 | D        | PolkaDot, the Demonspawn Monk, began the quest for the Orb.
     0 | D        | Reached XP level 1. HP: 18/18 MP: 1/1
     4 | D        | Became a worshipper of Makhleb the Destroyer
     4 | D        | Acquired Makhleb's first power
     4 | D        | Acquired Makhleb's second power
     7 | D        | Noticed a meat berserker
     7 | D        | Noticed a meat berserker
     7 | D        | Noticed a bag of meat
     8 | D        | Killed a meat berserker
     8 | D        | Reached skill level 13 in Fighting
     8 | D        | Reached skill level 5 in Stealth
     8 | D        | Reached skill level 18 in Unarmed Combat
     8 | D        | Gained mutation: You can steal the life force of nearby defeated enemies. [demonic ancestry]
     8 | D        | Reached XP level 2. HP: 21/40 MP: 2/2
     8 | D        | Gained mutation: You are partially covered in slimy green scales (AC +2). [demonic ancestry]
     8 | D        | Reached XP level 3. HP: 24/46 MP: 3/3
     8 | D        | Gained mutation: You have a pair of small antennae on your head. [demonic ancestry]
     8 | D        | Reached XP level 4. HP: 27/53 MP: 4/4
     8 | D        | Gained mutation: You can steal the life force of defeated enemies. [demonic ancestry]
     8 | D        | Reached XP level 5. HP: 30/59 MP: 5/5
     8 | D        | Reached XP level 6. HP: 33/66 MP: 6/6
     8 | D        | Gained mutation: You are immune to rotting. [demonic ancestry]
     8 | D        | Reached XP level 7. HP: 36/72 MP: 7/7
     8 | D        | Reached XP level 8. HP: 39/79 MP: 8/8
     8 | D        | Gained mutation: You can steal the life force of all defeated enemies in sight. [demonic ancestry]
     8 | D        | Reached XP level 9. HP: 41/85 MP: 9/9
     8 | D        | Reached XP level 10. HP: 44/92 MP: 10/10
     8 | D        | Reached XP level 11. HP: 46/98 MP: 11/11
     8 | D        | Annihilated by a meat berserker

Action                   |  1- 3 |  4- 6 |  7- 9 | 10-12 || total
-------------------------+-------+-------+-------+-------++-------
Melee: Executioner's axe |     1 |       |       |       ||     1
